 Dungeon Crawl Stone Soup version 0.20-a0-266-gdedccd6 (webtiles) character file.

260 Nvm9 the Covered (level 5, 0/42 HPs)
             Began as a Demonspawn Fighter on Dec 6, 2016.
             Was an Initiate of Qazlal.
             Succumbed to an adder's poison
             ... on level 4 of the Dungeon.
             The game lasted 00:04:36 (3043 turns).

Nvm9 the Covered (Demonspawn Fighter)               Turns: 3043, Time: 00:04:37

Health: 0/42       AC:  9    Str: 17      XL:     5   Next: 95%
Magic:  5/5        EV:  9    Int:  8 (9)  God:    Qazlal [......]
Gold:   76         SH:  9    Dex: 13      Spells: 4/4 levels left

rFire  + + .     SeeInvis .     a - +0 war axe
rCold  . . .     Gourm    .     b - +0 scale mail
rNeg   . . .     Faith    .     c - +0 shield
rPois  +         Spirit   .     (no helmet)
rElec  +         Reflect  .     q - +0 cloak
rCorr  +         Harm     .     t - +0 pair of gloves
MR     .....                    (no boots)
Stlth  ..........               (no amulet)
                                (no ring)
                                x - ring of fire

@: lethally poisoned (0 -> -4), resistant
A: repulsion field 1, demonic guardian 1, powered by death 1
a: Renounce Religion


You were on level 4 of the Dungeon.
You worshipped Qazlal.
Qazlal was noncommittal.
You were not hungry.

You visited 1 branch of the dungeon, and saw 4 of its levels.

You collected 76 gold pieces.

Inventory:

Hand Weapons
 a - a +0 war axe (weapon)
Missiles
 r - 3 tomahawks (quivered)
Armour
 b - a +0 scale mail (worn)
 c - a +0 shield (worn)
 q - a +0 cloak (worn)
 t - a +0 pair of gloves (worn)
Jewellery
 x - a ring of fire (left hand)
Scrolls
 h - 3 scrolls of teleportation {unknown}
 i - 3 scrolls of remove curse {unknown}
 k - a scroll of fog {unknown}
 p - 2 scrolls of recharging {unknown}
 v - a scroll of immolation {unknown}
 w - a scroll of identify {unknown}
 A - a scroll of amnesia {unknown}
 B - a scroll of noise {unknown}
Potions
 d - a potion of might
 e - a potion of magic
 o - 2 potions of degeneration
Books
 y - a book of Misfortune

   Spells                             Type                      Level
   a - Confusing Touch                Hexes                        1
   b - Confuse                        Hexes                        3
   c - Gell's Gravitas                Hexes/Translocation          3
   d - Petrify                        Transmutation/Earth          4
   e - Metabolic Englaciation         Hexes/Ice                    5
   f - Yara's Violent Unravelling     Hexes/Transmutation          5
Comestibles
 f - 2 bread rations
 g - a meat ration
 l - a beef jerky
 n - a slice of pizza
 u - a royal jelly
 z - 2 chunks of flesh


   Skills:
 + Level 3.9 Fighting
 + Level 3.0 Axes
 * Level 4.4 Armour
 + Level 3.5 Shields


You had 4 spell levels left.
You didn't know any spells.

Dungeon Overview and Level Annotations

Branches:
Dungeon (4/15)
 Temple: D:4-7

Altars:
Dithmenos
Kikubaaqudgha
Nemelex Xobeh
Okawaru
Qazlal
Zin
The Shining One

Shops:
D:4 (


Innate Abilities, Weirdness & Mutations

You are surrounded by a mild repulsion field. (EV +2)
A weak demonic guardian rushes to your aid.
You regenerate a little health from kills.


Message History

* * * LOW HITPOINT WARNING * * *
You feel sick.
Your magical effects are unravelling.
You feel magically purged.
You feel a little less clever now.
Your resistance to elements expires.
* * * LOW HITPOINT WARNING * * *
You feel sick.
Unknown command.
You feel protected.
There is a lethal amount of poison in your body!
* * * LOW HITPOINT WARNING * * *
You feel sick.
* * * LOW HITPOINT WARNING * * *
You feel sick.
* * * LOW HITPOINT WARNING * * *
You feel sick.
Things that are here:
a dagger; a robe; an orc corpse You see here an adder corpse.
You die...

#.###.# #.#∩..#
#.#.#.#####
.#.#.....
######......#
###.........+
#Z#._..)....#
###...)5@...#
######.<....#
............#
###########....
..... .... ###


You could see a human zombie and a friendly shadow imp.

Vanquished Creatures
  An orc wizard (D:4)
  A gnoll (D:1)
  8 adders
  2 oozes
  4 worms (D:2)
  4 leopard geckos
  2 orcs
  2 ball pythons
  7 giant cockroaches
  14 goblins
  9 hobgoblins
  3 jackals (D:2)
  A quokka (D:3)
  8 bats
  7 frilled lizards
  13 kobolds
  10 rats
96 creatures vanquished.

Vanquished Creatures (collateral kills)
  Jessica (D:3)
  A worker ant (D:4)
  An orc (D:4)
3 creatures vanquished.

Vanquished Creatures (others)
  A human (D:4)
1 creature vanquished.

Grand Total: 100 creatures vanquished

Notes
Turn   | Place    | Note
-------+----------+-------------------------------------------
     0 | D:1      | Nvm9 the Demonspawn Fighter began the quest for the Orb.
     0 | D:1      | Reached XP level 1. HP: 18/18 MP: 1/1
    45 | D:1      | Found an iron altar of Okawaru.
    91 | D:1      | Gained mutation: You are surrounded by a mild repulsion field. (EV +2) [demonic ancestry]
    91 | D:1      | Reached XP level 2. HP: 17/24 MP: 2/2
    93 | D:1      | Reached skill level 3 in Armour
   361 | D:1      | Gained mutation: A weak demonic guardian rushes to your aid. [demonic ancestry]
   361 | D:1      | Reached XP level 3. HP: 28/29 MP: 3/3
  1109 | D:2      | Reached XP level 4. HP: 33/35 MP: 4/4
  1879 | D:2      | Reached skill level 4 in Armour
  2199 | D:3      | Gained mutation: You regenerate a little health from kills. [demonic ancestry]
  2199 | D:3      | Reached XP level 5. HP: 39/41 MP: 5/5
  2327 | D:3      | Noticed Jessica
  2330 | D:3      | Killed Jessica
  2613 | D:3      | Found a stormy altar of Qazlal.
  2674 | D:3      | Found a faded altar of an unknown god.
  2674 | D:3      | Found a sparkling altar of Nemelex Xobeh.
  2680 | D:3      | Found a glowing silver altar of Zin.
  2682 | D:3      | Found a shadowy altar of Dithmenos.
  2683 | D:3      | Found a glowing golden altar of the Shining One.
  2811 | D:3      | Became a worshipper of Qazlal Stormbringer
  3012 | D:4      | Found an ancient bone altar of Kikubaaqudgha.
  3012 | D:4      | Found Ammeth's Weapon Boutique.
  3012 | D:4      | Noticed a human
  3015 | D:4      | Killed a human
  3039 | D:4      | HP: 2/42 [poisoned by an adder]
  3043 | D:4      | Succumbed to an adder's poison

Vault maps used:
D:1:      nicolae_arrival_memento_mori, okawaru_ov_weapons_minmay
D:2:      minmay_diamond_boxcup, first_bread
D:3:      marbit_many_paths, chequers_temple_overflow_minitemple, uniq_jessica
D:4:      nicolae_overflow_hidden_temple, serial_shops,
          nicolae_shop_behind_doors, nicolae_shop_behind_doors, shop, shop,
          kennysheep_little_box, tgw_kikubaaqudgha

Skill      XL: |  1  2  3  4  5 |
---------------+----------------+-----
Axes           | 2 3 |  3.0
Armour         | 3 4 |  4.4
Shields        | 3 |  3.5
Fighting       | |  3.9

Action                   |  1- 3 |  4- 6 || total
-------------------------+-------+-------++-------
Melee: War axe           |   101 |   215 ||   316
  Use: Potion            |       |    11 ||    11
  Eat: Chunk             |       |     5 ||     5
       Bread ration      |       |     1 ||     1
Armor: Scale mail        |    35 |   121 ||   156
Dodge: Dodged            |    48 |   111 ||   159
Block: Shield            |    49 |   122 ||   171
